 Dungeon Crawl Stone Soup version 0.30-a0-141-g30f27751c5 (webtiles) character file.

Game seed: 717082229276479264

310 qw the Chopper (level 6, -3/38 HPs)
             Began as a Gargoyle Fighter on Sept 25, 2022.
             Killed from afar by an orc wizard (8 damage)
             ... with a magic dart
             ... on level 4 of the Dungeon.
             The game lasted 00:01:21 (3720 turns).

qw the Chopper (Gargoyle Fighter)                   Turns: 3720, Time: 00:01:22

Health: -3/38      AC: 15    Str: 21    XL:     6   Next: 41%
Magic:  6/6        EV:  7    Int:  9    God:
Gold:   279        SH:  4    Dex:  9    Spells: 5/5 levels left

rFire   . . .      SeeInvis .    Y - +1 war axe
rCold   . . .      Faith    .    c - +0 buckler
rNeg    + . .      Spirit   .    a - +0 chain mail
rPois   inf        Reflect  .    m - +0 helmet
rElec   +          Harm     .    (no cloak)
rCorr   .          Rampage  .    e - +0 pair of gloves
Will    .....                    (no boots)
Stlth   ..........               (no amulet)
HPRegen 0.12/turn                (no ring)
MPRegen 0.10/turn                (no ring)

@: about to teleport
A: sickness immunity, AC +4, negative energy resistance 1, electricity
resistance, torment resistance 1, petrification resistance
a: no special abilities


You were on level 4 of the Dungeon.
You visited 1 branch of the dungeon, and saw 4 of its levels.

You collected 279 gold pieces.


Innate Abilities, Weirdness & Mutations

You are immune to sickness and miasma.
Your stone body is resilient. (AC +4)
You are immune to poison.
You resist negative energy. (rN+)
You are resistant to electric shocks. (rElec)
You are resistant to unholy torment.
You are immune to petrification.


   Skills:
 - Level 4.0 Fighting
 + Level 5.7 Axes
 - Level 3.2 Armour
 - Level 3.2 Shields


You had 5 spell levels left.
You didn't know any spells.
Your spell library was empty.

Inventory:

Hand Weapons
 g - a +0 morningstar
 Y - a +1 war axe (weapon)
Armour
 a - a +0 chain mail (worn)
 c - a +0 buckler (worn)
 e - a +0 pair of gloves (worn)
 m - a +0 helmet (worn)
 p - the +0 scale mail of the Kangaroo {rF+}
   (You found it on level 3 of the Dungeon)

   rF:        It protects you from fire.
Scrolls
 i - a scroll of identify
Potions
 d - 5 potions of might
 f - 2 potions of curing
 j - 3 potions of attraction
 n - a potion of mutation {unknown}

Dungeon Overview and Level Annotations

Branches:
Dungeon (4/15)
 Temple: D:4-7

Altars:
Qazlal
The Shining One

Annotations:
D:4 Dowan, Duvessa


Message History

3713 ||| Stepping ~*~*~tactically~*~*~ (hiding).
Duvessa attacks as you move away! Duvessa barely misses you.
You closely miss Duvessa. Duvessa barely misses you.
You hit Duvessa but do no damage.
Duvessa hits you with a +0 dagger of protection.
The orc wizard gestures wildly while chanting.
The orc wizard flickers and vanishes!
Deactivating autopickup; reactivate with Ctrl-A.
You hit Duvessa but do no damage. You closely miss the iguana.
Duvessa hits you but does no damage. You block the iguana's attack.
You hear a zap.
Some rock shatters into small pieces.
Duvessa barely misses you. The iguana bites you!
You barely miss Duvessa. You barely miss the orc. You hit the iguana.
The orc hits you with a +0 hand axe. Duvessa barely misses you.
The iguana bites you! Dowan hits you but does no damage.
You barely miss the iguana.
The iguana is moderately wounded.
You hit the orc but do no damage. You barely miss Duvessa.
You closely miss something.
A hound comes into view.
Duvessa hits you with a +0 dagger of protection!
The orc hits you but does no damage. Something hits you but does no damage.
Dowan hits you but does no damage. The iguana bites you.
3719 ||| READING scroll of teleportation.
As you read the scroll of teleportation, it crumbles to dust.
You feel strangely unstable. The orc hits you with a +0 hand axe.
Something completely misses you. Dowan hits you but does no damage.
The iguana bites you but does no damage.
Duvessa hits you but does no damage.
You slash the iguana!
The iguana is severely wounded.
You miss something. You barely miss the orc. You hit Duvessa.
Duvessa hits you but does no damage. The iguana barely misses you.
You hear some strange, mumbled words.
A magic dart appears from out of thin air!
The magic dart hits you!
You die...

.......
......... ##
......... ...
......... #...
#....... #....
e.....##
......##oh#.....
#.....l@eo..#
#....###{.#.....
#.. ..## ### .
...#
.#.###########
#.#
.#......#....#
####.#####
#######......#
##....#...##
##......#
##..........##
#.......#


You could see Duvessa, Dowan, an iguana, a hound and 2 orcs.

Vanquished Creatures
  A howler monkey (D:4)
  2 hounds
  An orc priest (D:2)
  Terence (D:3)
  An orc wizard (D:3)
  Robin (D:2)
  2 adders
  A worm (D:3)
  14 orcs
  4 bats
  4 endoplasms
  5 giant cockroaches
  15 goblins
  6 hobgoblins
  2 jackals (D:1)
  7 quokkas
  6 ball pythons
  3 frilled lizards
  3 kobolds
  2 rats (D:2)
81 creatures vanquished.

Vanquished Creatures (others)
  A kobold (D:4)
1 creature vanquished.

Grand Total: 82 creatures vanquished

Notes
Turn   | Place    | Note
-------+----------+-------------------------------------------
     0 | D:1      | qw the Gargoyle Fighter began the quest for the Orb.
     0 | D:1      | Reached XP level 1. HP: 14/14 MP: 1/1
     0 | D:1      | 0 ||| qw: Version: 0.2-a-10-g399e6c4
     0 | D:1      | 0 ||| qw: Game counter: 129
     0 | D:1      | 0 ||| qw: Always use a shield: true
     0 | D:1      | 0 ||| qw: God list: Okawaru
     0 | D:1      | 0 ||| qw: Allow faded altars: false
     0 | D:1      | 0 ||| qw: Do Orc after D:15 true
     0 | D:1      | 0 ||| qw: Do second Lair branch before Depths: true
     0 | D:1      | 0 ||| qw: Lair rune preference: random
     0 | D:1      | 0 ||| qw: Plans: Normal, Zot:1-4, God:TSO, Crypt, Tomb,
                  | Pan, Slime:5, Hells, Abyss, Orb
     0 | D:1      | 0 ||| PLANNING D:1-11
    75 | D:1      | Reached skill level 2 in Axes
   118 | D:1      | Reached XP level 2. HP: 17/19 MP: 2/2
   224 | D:1      | Found a faded altar of an unknown god.
   647 | D:1      | Reached skill level 3 in Axes
   757 | D:1      | 757 ||| Stepping ~*~*~tactically~*~*~ (stealth).
   758 | D:1      | 758 ||| Stepping ~*~*~tactically~*~*~ (stealth).
   763 | D:1      | Reached XP level 3. HP: 23/23 MP: 3/3
   786 | D:1      | 786 ||| Stepping ~*~*~tactically~*~*~ (stealth).
   792 | D:1      | 792 ||| Stepping ~*~*~tactically~*~*~ (stealth).
  1217 | D:1      | 1217 ||| UPGRADING to +0 pair of gloves.
  1222 | D:1      | 1222 ||| READING scroll labelled MEUSIXT FOGGETI.
  1223 | D:1      | 1223 ||| READING 2 scrolls labelled JANUSI NIGEAL.
  1224 | D:1      | 1224 ||| READING scroll labelled XAZE PUOGE.
  1288 | D:2      | 1288 ||| Stepping ~*~*~tactically~*~*~ (stealth).
  1301 | D:2      | Noticed Robin
  1302 | D:2      | 1302 ||| Stepping ~*~*~tactically~*~*~ (stealth).
  1303 | D:2      | 1303 ||| Stepping ~*~*~tactically~*~*~ (stealth).
  1304 | D:2      | Killed Robin
  1309 | D:2      | 1309 ||| FLEEEEING.
  1310 | D:2      | 1310 ||| FLEEEEING.
  1432 | D:2      | Reached XP level 4. HP: 21/28 MP: 4/4
  1622 | D:2      | Reached skill level 4 in Axes
  1661 | D:2      | 1661 ||| Stepping ~*~*~tactically~*~*~ (stealth).
  1941 | D:2      | 1941 ||| FLEEEEING.
  1948 | D:2      | 1948 ||| FLEEEEING.
  1949 | D:2      | 1949 ||| FLEEEEING.
  1950 | D:2      | 1950 ||| FLEEEEING.
  1955 | D:2      | 1955 ||| FLEEEEING.
  1956 | D:2      | 1956 ||| FLEEEEING.
  1957 | D:2      | 1957 ||| FLEEEEING.
  1960 | D:2      | 1960 ||| STAIRDANCE
  2063 | D:1      | 2063 ||| UPGRADING to +0 chain mail.
  2073 | D:1      | 2073 ||| DROPPING +0 scale mail.
  2074 | D:1      | 2074 ||| UPGRADING to +0 helmet.
  2079 | D:1      | 2079 ||| READING scroll labelled TILUFA WACWUOCSUO.
  2083 | D:1      | 2083 ||| DRINKING 3 golden potions.
  2132 | D:2      | 2132 ||| Stepping ~*~*~tactically~*~*~ (hiding).
  2133 | D:2      | 2133 ||| Stepping ~*~*~tactically~*~*~ (hiding).
  2135 | D:2      | 2135 ||| Stepping ~*~*~tactically~*~*~ (hiding).
  2136 | D:2      | 2136 ||| Stepping ~*~*~tactically~*~*~ (hiding).
  2395 | D:3      | Reached XP level 5. HP: 32/32 MP: 5/5
  2757 | D:3      | Reached skill level 5 in Axes
  2853 | D:3      | Found a glowing golden altar of the Shining One.
  2956 | D:3      | 2956 ||| Stepping ~*~*~tactically~*~*~ (stealth).
  2958 | D:3      | 2958 ||| Stepping ~*~*~tactically~*~*~ (stealth).
  3117 | D:3      | Identified the +0 scale mail of the Kangaroo {rF+}
  3239 | D:3      | 3239 ||| Stepping ~*~*~tactically~*~*~ (stealth).
  3395 | D:3      | Noticed Terence
  3398 | D:3      | Killed Terence
  3399 | D:3      | Reached XP level 6. HP: 38/38 MP: 6/6
  3577 | D:3      | 3577 ||| DROPPING ring of wizardry.
  3578 | D:3      | 3578 ||| READING scroll labelled NURCHE KANIUFU.
  3579 | D:3      | 3579 ||| READING scroll labelled BYNA CUSHEUVAN.
  3580 | D:3      | 3580 ||| DRINKING 4 amethyst potions.
  3581 | D:3      | 3581 ||| READING 3 scrolls of identify.
  3581 | D:3      | 3581 ||| IDENTIFYING bubbling clear potion
  3582 | D:3      | 3582 ||| READING 2 scrolls of identify.
  3582 | D:3      | 3582 ||| IDENTIFYING brown potion
  3583 | D:3      | 3583 ||| DROPPING potion of invisibility.
  3584 | D:3      | 3584 ||| DROPPING potion of brilliance.
  3632 | D:4      | 3632 ||| STAIRDANCE
  3678 | D:4      | Found a stormy altar of Qazlal.
  3683 | D:4      | 3683 ||| Stepping ~*~*~tactically~*~*~ (stealth).
  3708 | D:4      | Noticed Dowan
  3708 | D:4      | Noticed Duvessa
  3711 | D:4      | 3711 ||| Stepping ~*~*~tactically~*~*~ (hiding).
  3713 | D:4      | 3713 ||| Stepping ~*~*~tactically~*~*~ (hiding).
  3718 | D:4      | HP: 8/38 [Duvessa/+0 dagger of protection (7)]
  3719 | D:4      | 3719 ||| READING scroll of teleportation.
  3720 | D:4      | Killed from afar by an orc wizard

Levels and vault maps discovered:
D:1:      nzn_arrival_water_spiral, layout_loops_ring,
          hellmonk_ecumenical_altar_dog_temple, minmay_pentomino_q4
D:2:      layout_loops_ring, uniq_crazy_yiuf_cottage, uniq_robin
D:3:      layout_basic, amcnicky_altar_gilded, hangedman_decor_growths,
          minivault_4, st_stairs_12, uniq_terence
D:4:      layout_rooms, grunt_qazlal_clouds, tgw_xom, uniq_duvessa

Skill      XL: |  1  2  3  4  5 |
---------------+----------------+-----
Axes           | 2 3 4 5 |  5.7
Fighting       | 4 |  4.0
Armour         | |  3.2
Shields        | |  3.2

Action                   |  1- 3 |  4- 6 || total
-------------------------+-------+-------++-------
Melee: War axe           |   134 |   135 ||   269
  Use: Scroll            |     3 |     6 ||     9
       Potion            |       |     2 ||     2
 Stab: Distracted        |     1 |       ||     1
Armor: Scale mail        |    78 |    15 ||    93
       Chain mail        |       |    59 ||    59
Dodge: Dodged            |    64 |    46 ||   110
Block: Buckler           |    21 |    21 ||    42

Table legend:
 A = Non-vault XP
 B = Vault XP
 C = Vault XP percentage of total XP
 D = Non-vault monster count
 E = Vault monster count
 F = Vault count percentage of total count
                 A         B        C        D         E       F
            +---------+---------+-------+---------+---------+-------
      Total |     361 |      82 |  18.5 |      62 |      19 |  23.5
            +---------+---------+-------+---------+---------+-------
        D:1 |      35 |      10 |  22.2 |      18 |       6 |  25.0
        D:2 |      83 |      34 |  29.1 |      18 |      11 |  37.9
        D:3 |     139 |      38 |  21.5 |      21 |       2 |   8.7
        D:4 |     104 |       0 |   0.0 |       5 |       0 |   0.0
            +---------+---------+-------+---------+---------+-------
